 Dungeon Crawl Stone Soup version bcrawl-1.19.1 (webtiles) character file.

Game seed: 15582578660719672637

13155 Mrkan the Grappler (level 11, -6/115 HPs)
             Began as a Troll Monk on Dec 17, 2019.
             Was a High Priest of Trog.
             Killed from afar by Erica (11 damage)
             ... with an orb of energy
             ... on level 10 of the Dungeon.
             The game lasted 00:13:51 (7955 turns).

Mrkan the Grappler (Troll Monk)                     Turns: 7955, Time: 00:13:52

Health: -6/115     AC:  9    Str: 22    XL:     11   Next: 71%
Magic:  0/11       EV: 10    Int:  8    God:    Trog [*****.]
Gold:   762        SH:  0    Dex: 13    Spells: 10/10 levels left

rFire    . . .     SeeInvis .     - Unarmed
rCold    . . .     Gourm    +   (no shield)
rNeg     . . .     Faith    .   (armour unavailable)
rPois    .         Spirit   +   a - +0 hat
rElec    .         Reflect  .   (no cloak)
rCorr    .         Harm     .   (gloves unavailable)
MR       .....                  (boots unavailable)
Stlth    ++........             b - amulet of guardian spirit
HPRegen  0.69/turn              (no ring)
MPRegen  0.12/turn              (no ring)

@: lethally poisoned (-6 -> -19)
A: large, almost no armour, unfitting armour, claws 3, fast metabolism 3,
gourmand, regeneration 1, AC +9
a: Berserk, Trog's Hand, Brothers in Arms, Renounce Religion


You were on level 10 of the Dungeon.
You worshipped Trog.
Trog was extremely pleased with you.
You were completely stuffed.

You visited 2 branches of the dungeon, and saw 11 of its levels.

You collected 762 gold pieces.

Inventory:

Hand Weapons
 z - the cursed +1 short sword "Orb Guardian's Peril" {vamp, *Rage +Inv rF++, unknown}
   (You found it on level 4 of the Dungeon)

   It inflicts no extra harm, but heals its wielder when it wounds a living foe.
   It greatly protects you from fire.
   It lets you turn invisible.
   It may make you go berserk in combat.
   It has a curse placed upon it.
 K - the +7 trident of the Shining Light {speed, *Corrode rC+ MP+9 Str+9, unknown}
   (You found it on level 9 of the Dungeon)

   Attacks with this weapon are significantly faster.
   It affects your strength (+9).
   It protects you from cold.
   It affects your magic capacity (+9).
   It may corrode you when you take damage.
Missiles
 J - 109 large rocks (quivered)
Armour
 a - a +0 hat (worn)
Jewellery
 b - an amulet of guardian spirit (around neck)
 d - a cursed -3 ring of dexterity {unknown}
 f - an uncursed ring of resist corrosion {unknown}
 i - an uncursed ring of stealth {unknown}
 s - a cursed ring of teleportation {unknown}
 w - a +5 ring of protection {unknown}
 y - a +3 ring of protection {unknown}
Wands
 B - a wand of iceblast (11)
 F - a wand of flame (15)
 G - a wand of random effects (17)
Scrolls
 e - 9 scrolls of identify {unknown}
 g - 5 scrolls of amnesia {unknown}
 h - 2 scrolls of magic mapping {unknown}
 j - 3 scrolls of fear {unknown}
 l - 2 scrolls of remove curse {unknown}
 n - 5 scrolls of blinking {unknown}
 p - 3 scrolls of enchant armour {unknown}
 r - 6 scrolls of teleportation {unknown}
 H - 2 scrolls of enchant weapon {unknown}
Potions
 k - a potion of invisibility {unknown}
 m - 5 potions of curing {unknown}
 o - 3 potions of mutation {unknown}
 q - 3 potions of might {unknown}
 t - 2 potions of lignification {unknown}
 u - a potion of resistance {unknown}
 v - 2 potions of haste {unknown}
 x - 2 potions of flight {unknown}
 A - a potion of magic {unknown}
 C - 2 potions of berserk rage {unknown}
 D - a potion of degeneration {unknown}
 E - 2 potions of heal wounds {unknown}
 I - 3 potions of ambrosia {unknown}
Comestibles
 c - 17 rations {!d}


   Skills:
 + Level 9.6 Fighting
 * Level 7.4 Throwing
 - Level 2.4 Dodging
 - Level 1.1 Stealth
 - Level 13.2 Unarmed Combat
   Level 2.0 Invocations


You had 10 spell levels left.
You didn't know any spells.
Your spell library was empty.

Dungeon Overview and Level Annotations

Branches:
Dungeon (10/12)            Temple (1/1) D:4            Lair (0/6) D:8
    Orc (0/1) D:8

Altars:
Ashenzari
Cheibriados
Dithmenos
Elyvilon
Fedhas
Gozag
Hepliaklqana
Kikubaaqudgha
Lugonu
Makhleb
Nemelex Xobeh
Okawaru
Qazlal
Ru
Sif Muna
Trog
Uskayaw
Vehumet
Wu Jian
Xom
Yredelemnul
Zin
The Shining One

Shops:
D:6 (=   D:8 %

Annotations:
D:10 Erica


Innate Abilities, Weirdness & Mutations

You cannot wear most types of armour.
Your thick skin is tough. (AC +9)
You are too large for most types of armour.
You have claws for hands.
Your metabolism is lightning-fast.
You like to eat raw meat.
Your natural rate of healing is unusually fast.


Message History

* * * LOW HITPOINT WARNING * * *
You feel very sick.
There is an open door here.
You feel sick. The killer bee stings you!
* * * LOW HITPOINT WARNING * * *
You are more poisoned.
The killer bee poisons you!
* * * LOW HITPOINT WARNING * * *
You feel very sick. The killer bee barely misses you.
* * * LOW HITPOINT WARNING * * *
You feel very sick.
You hear some strange, mumbled words.
An orb of energy appears from out of thin air!
The orb of energy hits the killer bee.
The killer bee dies!
The orb of energy explodes!
Deactivating autopickup; reactivate with Ctrl-A.
The mystic blast hits you!
You die...

#........# #.....>....#.
#........# #..........#.
#..>.....# #########.###
#†### #.# #..y# ##.#
#######'## ###..#
#........# #...##
#........# #.###
#.......@# #.# #........#
###.# #........# #...#
#........#######.######
#........'............###
#........#######.####....
#........# #.# #####
#........# #.# ##########
#.#


You could see a killer bee.

Vanquished Creatures
  A two-headed ogre (D:8)
  Nergalle (D:9)
  An unseen horror (D:10)
  A flayed ghost (D:9)
  Pikel (D:8)
  2 cyclopes
  A manticore (D:8)
  A yaktaur (D:7)
  2 trolls
  A queen bee (D:9)
  2 hippogriffs (D:5)
  2 shadows
  8 yaks (D:10)
  A spriggan (D:8)
  5 wraiths
  Edmund (D:5)
  2 orc warriors (D:10)
  2 slaves (D:8)
  3 black bears
  3 ice beasts
  A sky beast (D:5)
  A hornet zombie (D:8)
  An eye of draining (D:8)
  A necrophage (D:8)
  7 ogres
  2 centaurs
  4 bullfrogs
  2 scorpions
  19 wights
  18 killer bees
  2 howler monkeys
  6 crimson imps
  A quasit (D:8)
  A bullfrog zombie (D:7)
  A hound (D:6)
  2 jellies
  11 orc wizards
  5 orc priests
  2 centaur skeletons
  A bullfrog skeleton (D:7)
  2 iguanas
  7 worker ants
  A howler monkey zombie (D:5)
  10 adders
  2 shadow imps
  4 oozes
  An adder skeleton (D:6)
  3 worms
  A dart slug (D:1)
  4 leopard geckos
  34 orcs
  16 bats
  4 giant cockroaches
  12 goblins
  9 hobgoblins
  4 jackals (D:3)
  8 kobolds
  5 quokkas
  A ball python (D:2)
  5 frilled lizards
  5 rats
267 creatures vanquished.

Vanquished Creatures (others)
  A killer bee (D:10)
1 creature vanquished.

Grand Total: 268 creatures vanquished

Notes
Turn   | Place    | Note
-------+----------+-------------------------------------------
     0 | D:1      | Mrkan the Troll Monk began the quest for the Orb.
     0 | D:1      | Reached XP level 1. HP: 22/22 MP: 1/1
   110 | D:1      | Reached XP level 2. HP: 28/29 MP: 2/2
   407 | D:1      | Reached XP level 3. HP: 27/36 MP: 0/3
   565 | D:1      | Reached skill level 4 in Unarmed Combat
  1340 | D:3      | Gained mutation: Your natural rate of healing is unusually
                  | fast. [Troll growth]
  1340 | D:3      | Reached XP level 4. HP: 45/45 MP: 4/4
  1736 | D:3      | Reached skill level 5 in Unarmed Combat
  1768 | D:3      | Reached XP level 5. HP: 44/53 MP: 5/5
  2233 | D:4      | Found a staircase to the Ecumenical Temple.
  2250 | Temple   | Entered the Ecumenical Temple
  2453 | Temple   | Became a worshipper of Trog the Wrathful
  2453 | Temple   | Reached * piety under Trog
  2453 | Temple   | Reached ** piety under Trog
  2590 | D:4      | Got a bloodstained short sword
  2768 | D:5      | Entered Level 5 of the Dungeon
  2811 | D:5      | Reached XP level 6. HP: 62/62 MP: 6/6
  2834 | D:5      | Reached skill level 6 in Unarmed Combat
  2936 | D:5      | Noticed a hippogriff
  2947 | D:5      | Killed a hippogriff
  2947 | D:5      | Reached skill level 7 in Unarmed Combat
  2947 | D:5      | Reached XP level 7. HP: 25/71 MP: 1/7
  3129 | D:5      | Noticed a hippogriff
  3137 | D:5      | Killed a hippogriff
  3137 | D:5      | Reached skill level 8 in Unarmed Combat
  3163 | D:5      | Found a shattered altar of Ashenzari.
  3163 | D:5      | Found a hide-covered altar of Uskayaw.
  3191 | D:5      | Reached skill level 5 in Fighting
  3195 | D:5      | Reached XP level 8. HP: 63/80 MP: 4/8
  3200 | D:5      | Noticed Edmund
  3401 | D:5      | Killed Edmund
  3440 | D:6      | Found Bixyti's Weapon Boutique.
  3440 | D:6      | Found Sazoxat's Jewellery Emporium.
  3446 | D:6      | Reached skill level 9 in Unarmed Combat
  3635 | D:6      | Reached skill level 10 in Unarmed Combat
  3786 | D:6      | Reached XP level 9. HP: 80/89 MP: 6/9
  3997 | D:6      | Found Gyudekae's Jewellery Shoppe.
  4277 | D:7      | Reached *** piety under Trog
  4567 | D:7      | Noticed a yaktaur
  4576 | D:7      | Killed a yaktaur
  4576 | D:7      | Reached skill level 11 in Unarmed Combat
  4816 | D:8      | Noticed Pikel
  4838 | D:8      | Killed Pikel
  4924 | D:8      | Found a staircase to the Orcish Mines.
  5070 | D:8      | Reached XP level 10. HP: 102/102 MP: 10/10
  5077 | D:8      | Reached skill level 12 in Unarmed Combat
  5174 | D:8      | Found a staircase to the Lair.
  5456 | D:8      | Noticed a two-headed ogre
  5463 | D:8      | Killed a two-headed ogre
  5472 | D:8      | Found Xulo's Food Shop.
  5572 | D:8      | Noticed a manticore
  5587 | D:8      | Killed a manticore
  6046 | D:9      | Noticed a cyclops
  6051 | D:9      | Killed a cyclops
  6051 | D:9      | Reached skill level 13 in Unarmed Combat
  6060 | D:9      | Reached **** piety under Trog
  6281 | D:9      | Noticed Nergalle
  6294 | D:9      | Killed Nergalle
  6502 | D:9      | Reached XP level 11. HP: 80/113 MP: 8/11
  6585 | D:9      | Found an ornate altar of the Wu Jian Council.
  6610 | D:9      | Found a runed door.
  6624 | D:9      | Found an ornate altar of the Wu Jian Council.
  6806 | D:9      | Found a glowing silver altar of Zin.
  6826 | D:9      | Found an iron altar of Okawaru.
  6872 | D:9      | Found an opulent altar of Gozag.
  6884 | D:9      | Found a white marble altar of Elyvilon.
  7090 | D:9      | Reached skill level 5 in Throwing
  7116 | D:9      | Reached ***** piety under Trog
  7232 | D:9      | Noticed a flayed ghost
  7235 | D:9      | Killed a flayed ghost
  7240 | D:9      | Got a bloodstained trident
  7315 | D:10     | Entered Level 10 of the Dungeon
  7383 | D:10     | Received a gift from Trog
  7509 | D:10     | Noticed a cyclops
  7515 | D:10     | Killed a cyclops
  7928 | D:10     | Noticed Erica
  7936 | D:10     | Killed an unseen horror
  7955 | D:10     | HP: 5/115 [poisoned by a killer bee]
  7955 | D:10     | Killed from afar by Erica

Skill      XL: |  1  2  3  4  5  6  7  8  9 10 11 |
---------------+----------------------------------+-----
Unarmed Combat | 4 5 7 8 10 11 13 | 13.2
Fighting       | 3 4 5 6 7 8 9 |  9.6
Throwing       | 3 7 |  7.4
Dodging        | |  2.4
Stealth        | |  1.1
Invocations    | |  2.0

Action                   |  1- 3 |  4- 6 |  7- 9 | 10-12 || total
-------------------------+-------+-------+-------+-------++-------
Melee: Unarmed           |    91 |   140 |   206 |   336 ||   773
       Punch             |       |     8 |     7 |    27 ||    42
 Stab: Sleeping          |    11 |       |     2 |     1 ||    14
  Eat: Chunk             |     7 |    16 |    13 |    19 ||    55
Armor: Skin              |    38 |    65 |    68 |   170 ||   341
Dodge: Dodged            |    52 |    83 |    80 |   194 ||   409
